 Dungeon Crawl Stone Soup version 0.29.1-1-gd02db6906a (webtiles) character file.

Game seed: 12800339969127372450

4 mortz the Conjurer (level 1, -1/10 HPs)
             Began as a Kobold Conjurer on Sept 30, 2022.
             Slain by a quokka (3 damage)
             ... on level 1 of the Dungeon.
             The game lasted 00:00:53 (278 turns).

mortz the Conjurer (Kobold Conjurer)                 Turns: 278, Time: 00:00:55

Health: -1/10      AC:  2    Str:  4    XL:     1   Next: 77%
Magic:  1/3        EV: 14    Int: 19    God:
Gold:   32         SH:  0    Dex: 13    Spells: 3/4 levels left

rFire   . . .      SeeInvis .   d - +0 dagger
rCold   . . .      Faith    .   (no shield)
rNeg    . . .      Spirit   .   a - +0 robe
rPois   .          Reflect  .   (no helmet)
rElec   .          Harm     .   (no cloak)
rCorr   .          Rampage  .   (no gloves)
Will    .....                   (no boots)
Stlth   +++.......              (no amulet)
HPRegen 0.03/turn               (no ring)
MPRegen 0.08/turn               (no ring)

@: no status effects
A: small, no large weapons, nightstalker 3
a: no special abilities


You were on level 1 of the Dungeon.
You visited 1 branch of the dungeon, and saw 1 of its levels.

You collected 32 gold pieces.

Inventory:

Hand Weapons
 d - a +0 dagger (weapon)
Armour
 a - a +0 robe (worn)
Scrolls
 c - a scroll of identify {unknown}
Potions
 b - a potion of magic


   Skills:
 + Level 2.4 Dodging
 + Level 2.7 Stealth
 + Level 2.2 Spellcasting
 + Level 4.2 Conjurations


You had 3 spell levels left.
You knew the following spells:

 Your Spells              Type           Power      Damage    Failure   Level
a - Magic Dart            Conj           72%        1d6       3%          1

Your spell library contained the following spells:

 Spells                   Type           Power      Damage    Failure   Level
 Searing Ray              Conj           36%        2d5       4%          2
 Dazzling Flash           Conj/Hex       20%        N/A       21%         3
 Fulminant Prism          Conj/Hex       5%         3d7       56%         4
 Iskenderun's Mystic Bla  Conj/Tloc      10%        2d4       56%         4


Dungeon Overview and Level Annotations

Branches:
Dungeon (1/15) Zot: 5722

Altars:


Innate Abilities, Weirdness & Mutations

You are small and have problems with some larger weapons.
You are completely attuned to the shadows.


Message History

Things that are here:
a +0 club; a goblin corpse; a hobgoblin corpse
c - a +0 club (weapon)
A rat comes into view.
The magic dart hits the rat.
You kill the rat!
Found a stone staircase leading down.
You now have 16 gold pieces.
Found a stone staircase leading down.
A goblin comes into view. It is wielding a +0 dagger.
The magic dart hits the goblin.
You kill the goblin!
You see here a +0 dagger.
d - a +0 dagger (weapon)
You drop a +0 club.
A kobold comes into view. It is wielding a +0 whip.
Found a robe.
The helpless kobold fails to defend itself.
You puncture the kobold!
You kill the kobold!
Things that are here:
a +0 whip; a kobold corpse You now have 32 gold pieces (gained 16).
c - a scroll labelled VELUFISYANUO A quokka comes into view.
The quokka bites you.
Ouch! That really hurt!
You are too injured to fight recklessly!
Aiming: Magic Dart (safe; 3% risk of failure)
Press: ? - help, Q - select action Shift-Dir - straight line, f - quokka
Aim: a quokka (100% to hit)
The magic dart hits the quokka but does no damage.
The quokka bites you.
* * * LOW HITPOINT WARNING * * *
Aiming: Magic Dart (safe; 3% risk of failure)
Press: ? - help, Q - select action Shift-Dir - straight line, f/p - quokka
Aim: a quokka (100% to hit)
The magic dart hits the quokka but does no damage.
The quokka bites you.
You die...

######.###.# #
#..........# #
##..........#
.##..........#
###.##..........#
................#
#.####..........#
#.# #..........#####
#.# #..........@....
#.# #...........r.##
#.####.###########.#
#.........# .#
######.##.# # #.# #
#.# #.#


You could see a quokka.

Vanquished Creatures
  A hobgoblin (D:1)
  2 goblins (D:1)
  A kobold (D:1)
  A rat (D:1)
5 creatures vanquished.

Notes
Turn   | Place    | Note
-------+----------+-------------------------------------------
     0 | D:1      | mortz the Kobold Conjurer began the quest for the Orb.
     0 | D:1      | Reached XP level 1. HP: 10/10 MP: 3/3
   278 | D:1      | Slain by a quokka

Illustrated notes

Levels and vault maps discovered:
D:1:      ncdulo_lavacross, layout_loops_ring, basic_ecumenical_altar,
          minmay_split_cup_small

Action                   || total
-------------------------++-------
Melee: Dagger            ||     1
 Cast: Magic Dart        ||     7
 Stab: Sleeping          ||     1
